 Dungeon Crawl Stone Soup version 0.19.1 (webtiles) character file.

881485 kengeki the Ruinous (level 27, -6/200 (201) HPs)
             Began as a High Elf Fire Elementalist on Nov 29, 2016.
             Was the Champion of Vehumet.
             Killed by something's death curse (30 damage)
             ... on level 14 of a ziggurat on Dec 1, 2016.
             The game lasted 1 day 01:00:02 (116298 turns).

kengeki the Ruinous (HEFE)                    Turns: 116298, Time: 1 , 01:00:03

HP:   -6/200 (201)  AC: 36    Str: 20    XL:     27
MP:   27/60         EV: 30    Int: 34    God:    Vehumet [******]
Gold: 2716          SH:  7    Dex: 30    Spells: 17 memorised, 6 levels left

rFire  + + +     SeeInvis .     a - staff of conjuration
rCold  + + +     Gourm    .     E - +9 ice dragon scales
rNeg   + + .     Faith    .     S - +0 buckler of the Wasteland {rF+++ Regen+ Dex-3 Slay+3}
rPois  +         Spirit   .     O - +1 helmet of the Tortoise {rC+ rCorr Str+4 Dex+2}
rElec  +         Reflect  .     A - -3 cloak of the Barnacle {*Contam rElec Int+5}
rCorr  +         Harm     .     Z - +2 pair of gloves "Asoranem" {*Drain Regen+ Str+7 Stlth+}
MR     ++++.                    W - +5 pair of boots "Uschogyt" {MR++}
Stlth  +++++++...               k - amulet of Agiugil {RegenMP rN++}
                                j - ring "Foon" {Wiz rPois MP+9 Dex+5 Slay-5}
                                q - ring of fire

@: very slightly contaminated, studying Fire Magic, repel missiles
A: thin skeletal structure 1, yellow scales 1, blurry vision 1, clever 1, cold
resistance 1, strong 1
a: Renounce Religion
}: 5/15 runes: serpentine, barnacled, slimy, silver, golden


You were on level 14 of a ziggurat.
You worshipped Vehumet.
Vehumet was exalted by your worship.
You were very full.

You visited 14 branches of the dungeon, and saw 62 of its levels.
You visited 1 ziggurat, and saw 14 of its levels.
You also visited: Labyrinth, Ossuary, Bailey, Ice Cave, Wizlab and Desolation.

You collected 10516 gold pieces.
You spent 7800 gold pieces at shops.

Inventory:

Hand Weapons
 c - a +9 dagger of chaos
 d - the +0 short sword "Teteveh" {pierce, rN+ Int+3}
   (You took it off a yaktaur on level 5 of the Vaults)

   It inflicts extra damage upon your enemies.
   It affects your intelligence (+3).
   It protects you from negative energy.
 e - a +8 dagger of holy wrath
 f - the +9 staff of Wucad Mu {channel}
   (You found it on level 7 of a ziggurat)
Missiles
 N - 1359 arrows
Armour
 A - the -3 cloak of the Barnacle (worn) {*Contam rElec Int+5}
   (You found it on level 3 of the Elven Halls)

   It affects your intelligence (+5).
   It insulates you from electricity.
   It causes magical contamination when unequipped.
 E - +9 ice dragon scales (worn)
 O - the +1 helmet of the Tortoise (worn) {rC+ rCorr Str+4 Dex+2}
   (You found it on level 15 of the Dungeon)

   It affects your strength (+4).
   It affects your dexterity (+2).
   It protects you from cold.
   It protects you from acid and corrosion.
 S - the +0 buckler of the Wasteland (worn) {rF+++ Regen+ Dex-3 Slay+3}
   (You found it in the Desolation of Salt)

   It affects your dexterity (-3).
   It affects your accuracy and damage with ranged weapons and melee attacks
   (+3).
   It renders you almost immune to fire.
   It increases your rate of regeneration.
 U - a +2 robe of the Archmagi
 W - the +5 pair of boots "Uschogyt" (worn) {MR++}
   (You bought it in a shop on level 5 of the Depths)

   It affects your resistance to hostile enchantments.
 Z - the +2 pair of gloves "Asoranem" (worn) {*Drain Regen+ Str+7 Stlth+}
   (You found it on level 7 of a ziggurat)

   It affects your strength (+7).
   It increases your rate of regeneration.
   It causes draining when unequipped.
   It makes you more stealthy.
Magical Staves
 a - an uncursed staff of conjuration (weapon)
 b - an uncursed staff of energy
Rods
 w - a +9 rod of ignition (10/10)
   (You found it on level 5 of the Pits of Slime)
 Y - a +3 rod of ignition (10/10)
   (You found it on level 3 of the Tomb of the Ancients)
Jewellery
 j - the ring "Foon" (right hand) {Wiz rPois MP+9 Dex+5 Slay-5}
   (You found it on level 5 of the Pits of Slime)

   [ring of wizardry]

   It improves your spell success rate.
   It affects your dexterity (+5).
   It affects your accuracy and damage with ranged weapons and melee attacks
   (-5).
   It protects you from poison.
   It affects your magic capacity (+9).
 k - the amulet of Agiugil (around neck) {RegenMP rN++}
   (You took it off a rakshasa on level 1 of the Depths)

   [amulet of magic regeneration]

   It increases your magic regeneration.
   It greatly protects you from negative energy.
 q - a ring of fire (left hand)
 y - the ring of the Furies {rN++ MR- MP+9 Dex+3 SInv}
   (You found it on level 3 of the Tomb of the Ancients)

   [ring of magical power]

   It affects your dexterity (+3).
   It greatly protects you from negative energy.
   It affects your resistance to hostile enchantments.
   It affects your magic capacity (+9).
   It lets you see invisible.
Wands
 h - a wand of teleportation (9/9)
 t - a wand of hasting (6/9)
 J - a wand of digging (22/24)
 V - a wand of disintegration (18/24)
Scrolls
 g - 2 scrolls of enchant armour
 s - 23 scrolls of teleportation
 u - 3 scrolls of blinking
 z - 3 scrolls of amnesia
 B - 2 scrolls of magic mapping
 C - 9 scrolls of identify
 I - 7 scrolls of recharging
 K - 20 scrolls of remove curse
 L - 2 scrolls of summoning
 M - 5 scrolls of immolation
 P - 9 scrolls of fog
 R - a scroll of holy word
 T - 5 scrolls of fear
Potions
 i - 14 potions of cure mutation
 n - 4 potions of haste
 o - 21 potions of curing
 p - 2 potions of magic
 v - 6 potions of might
 G - 13 potions of cancellation
 H - 9 potions of heal wounds
Books
 D - a manual of Fire Magic
Miscellaneous
 r - a crystal ball of energy
 F - a fan of gales
 Q - 7 phantom mirrors
 X - a disc of storms
Comestibles
 x - 14 bread rations


   Skills:
 - Level 19.8 Fighting
 - Level 12.0 Short Blades
 + Level 12.5 Armour
 - Level 20.8 Dodging
 - Level 15.1 Stealth
 - Level 5.2 Shields
 - Level 23.0 Spellcasting
 - Level 25.0 Conjurations
 - Level 10.1 Charms
 - Level 15.0 Summonings
 - Level 6.0 Necromancy
 - Level 5.7 Translocations
 - Level 8.0 Transmutations
 + Level 24.9 Fire Magic
 - Level 5.0 Air Magic
 - Level 8.0 Earth Magic
   Level 2.0 Poison Magic
 - Level 15.0 Evocations


You had 6 spell levels left.
You knew the following spells:

 Your Spells              Type           Power        Failure   Level  Hunger
a - Fire Storm            Conj/Fire      #########.   1%          9    #####..
b - Blink                 Tloc           N/A          1%          2    None
d - Animate Dead          Necr           N/A          1%          4    None
e - Lee's Rapid Deconstr  Erth           #######...   1%          5    None
f - Fireball              Conj/Fire      #########.   0%          5    None
h - Sublimation of Blood  Necr           ######....   1%          2    None
i - Iron Shot             Conj/Erth      ########..   1%          6    None
l - Delayed Fireball      Conj/Fire      N/A          1%          7    None
m - Repel Missiles        Chrm/Air       ######       1%          2    None
n - Sticks to Snakes      Tmut           #######.     1%          2    None
o - Orb of Destruction    Conj           ########..   1%          7    None
q - Apportation           Tloc           ######....   1%          1    None
r - Regeneration          Chrm/Necr      #######...   1%          3    None
t - Bolt of Fire          Conj/Fire      #########.   1%          6    None
u - Summon Butterflies    Summ           #######.     0%          1    None
w - Swiftness             Chrm/Air       ######..     1%          2    None
z - Spellforged Servitor  Conj/Summ      ########..   1%          7    None


Dungeon Overview and Level Annotations

Branches:
Dungeon (15/15)            Temple (1/1) D:7            Lair (6/6) D:11
 Shoals (4/4) Lair:4        Snake (4/4) Lair:4        Slime (5/5) Lair:5
    Orc (2/2) D:11            Elf (3/3) Orc:2        Vaults (5/5) D:13
  Crypt (3/3) Vaults:3       Tomb (3/3) Crypt:3      Depths (5/5) D:15
   Hell (1/1)                 Dis (0/7) Hell            Geh (0/7) Hell
    Coc (0/7) Hell            Tar (0/7) Hell            Zot (5/5) Depths:5

Altars:
Ashenzari
Cheibriados
Dithmenos
Elyvilon
Fedhas
Gozag
Hepliaklqana
Kikubaaqudgha
Makhleb
Nemelex Xobeh
Okawaru
Qazlal
Ru
Sif Muna
Trog
Uskayaw
Vehumet
Xom
Yredelemnul
Zin
The Shining One
Beogh
Jiyva

Shops:
D:4 ?   D:6 !   D:9 %   D:11 =   D:15 *   Orc:2 *(*   Shoals:3 !(%(
Snake:4 }}=   Vaults:2 (!(=%   Vaults:3 ?   Vaults:4 (   Vaults:5 !
Depths:5 *%%=

Portals:
Hell: Lair:6 Depths:1 Depths:2 Depths:3 Depths:4 Depths:5
Abyss: Depths:4
Pandemonium: Depths:3 Depths:4
Ziggurat: Depths:2

Annotations:
D:10 1 runed door


Innate Abilities, Weirdness & Mutations

You have a somewhat thin skeletal structure. (Dex +2, Stealth)
You are partially covered in yellow scales. (AC +2)
Scrolls take you a little longer to read.
Your mind is acute. (Int +2)
Your flesh is cold resistant. (rC+)
Your muscles are strong. (Str +2)


Message History

You feel a bit more experienced. Vehumet accepts your kill.
You feel your power returning.
You feel a bit more experienced. Vehumet accepts your kill.
You feel your power returning.
You feel extremely nervous for a moment...
You convulse helplessly as pain tears through your body!
* * * LOW HITPOINT WARNING * * *
You feel a bit more experienced. Vehumet accepts your kill.
You feel a bit more experienced. Vehumet accepts your kill.
You feel your power returning.
You feel extremely nervous for a moment...
Your flesh rots away!
You feel a bit more experienced. Vehumet accepts your kill.
You feel your power returning.
You feel extremely nervous for a moment...
You convulse helplessly as pain tears through your body!
You die...

▓▓▓▓▓▓▓▓▓▓
.........▓
.........▓
.........▓
.......@.▓
...v...z.▓▓▓▓▓▓▓▓
vv§§v§§.8.......▓
§vv§§v§v........▓
Mv§v†§v.........▓
§v§vv§v.........▓
§§###§v.........▓
b§#.....v.v....∩▓
.###...........▓


You could see a greater mummy, a bennu, a flying skull, a friendly spellforged
servitor and 18 friendly fire vortices.

Vanquished Creatures
  the Royal Jelly (Slime:5)
  Dissolution (Slime:2)
  6 ancient liches
  Mara (Depths:2)
  9 orbs of fire
  Sojobo (Depths:2)
  31 greater mummies
  The ghost of TotoDurand the Vine Blade, a legendary VSFi of the Shining One (Zig:9)
  Frederick (Depths:4)
  Saint Roka (Elf:2)
  3 curse toes
  Vashnia (Snake:4)
  A caustic shrike (Zig:10)
  Geryon (Hell)
  2 golden dragons
  3 Killer Klowns
  An iron giant (Zig:12)
  Jorgrun (Tomb:3)
  A hellephant (Hell)
  4 electric golems
  8 tentacled monstrosities
  Rupert (Lair:3)
  The ghost of dscm the Severer, an adept DsFi of Okawaru (Slime:5)
  7 liches
  2 Hell Sentinels (Zig:8)
  4 titans
  2 quicksilver dragons
  21 Orb Guardians (Zot:5)
  Asterion (Snake:3)
  3 deep elf blademasters (Elf:3)
  A deep elf master archer (Elf:3)
  22 acid blobs
  Murray (Hell)
  Agnes (Elf:2)
  8 sphinxes
  10 death cobs
  2 Executioners
  9 ancient champions
  11 shadow dragons
  7 tengu reavers
  11 storm dragons
  Gastronok (Lair:3)
  4 draconian monks
  Ilsuiw (Shoals:4)
  6 frost giants
  16 azure jellies
  The ghost of Azzok the Tortoise, a journeyman DDFi of Makhleb (D:15)
  10 deep elf sorcerers
  9 fire giants
  8 nagarajas (Snake:4)
  Aizul (Lair:4)
  3 revenants
  5 draconian knights
  2 ghost moths (Zot:5)
  4 imperial myrmidons (Desolation)
  2 balrugs (Hell)
  2 iron dragons
  13 vault wardens
  4 curse skulls
  A warmonger (Zig:8)
  3 draconian scorchers
  2 juggernaut zombies
  4 draconian annihilators
  The ghost of BertyLohan the Eclecticist, an adept SpCj of Vehumet (Elf:2)
  5 deep elf elementalists
  A ghost moth (shapeshifter) (Depths:3)
  2 ghouls (Crypt:1)
  5 draconian zealots
  7 draconian shifters
  2 caustic shrike zombies (Zig:12)
  28 stone giants
  10 reapers
  13 ironheart preservers
  5 spriggan defenders
  4 draconian callers
  27 very ugly things
  2 war gargoyles
  A black sun (Zig:4)
  An entropy weaver (Vaults:5)
  4 green draconians
  13 deep elf demonologists
  Azrael (Elf:2)
  4 vampire knights
  10 deep elf annihilators
  6 red draconians
  2 bennus (Tomb:3)
  A starcursed mass (Zig:7)
  7 black draconians
  12 spark wasps
  20 purple draconians
  6 mottled draconians (Zot:5)
  5 yellow draconians
  5 dire elephants
  A lorocyproca (Zig:8)
  4 white draconians
  Snorg (D:13)
  9 statues (WizLab)
  An ettin (shapeshifter) (Vaults:5)
  A minotaur (Lab)
  13 eidola
  11 ettins
  6 merfolk impalers
  4 deep elf death magi
  3 crystal guardians
  4 blizzard demons
  A quicksilver dragon zombie (Zig:12)
  31 mummy priests
  A kraken zombie (Hell)
  3 fire dragons
  Josephine (Lair:4)
  14 jiangshi
  16 yaktaur captains
  7 death oozes
  15 deep elf high priests
  4 ragged hierophants (Desolation)
  4 rakshasas
  5 merfolk javelineers
  10 ice dragons
  6 servants of whispers (Desolation)
  14 hydras
  32 vault guards
  25 naga warriors
  9 great orbs of eyes
  2 peacekeepers (Desolation)
  23 ogre magi
  Fannar (D:11)
  3 merfolk avatars
  4 spriggan air magi
  13 anacondas
  5 catoblepae
  2 anacondas (shapeshifter)
  2 alligators (Zig:6)
  7 centaur warriors
  A death knight (Crypt:3)
  A satyr (Shoals:4)
  12 tengu warriors
  8 merfolk aquamancers
  29 dancing weapons
  87 death scarabs
  8 orc high priests
  12 deep troll shamans
  A titan zombie (Zig:12)
  6 spriggan berserkers
  Urug (Lair:3)
  19 naga sharpshooters
  12 vampire magi
  9 deep troll earth magi
  13 shock serpents
  14 hell hogs
  20 deep elf knights
  5 sun demons
  Nergalle (Orc:1)
  8 soul eaters
  2 iron golems (Hell)
  19 skeletal warriors
  A sixfirhy (Lair:6)
  5 salamander mystics
  23 hell knights
  5 iron trolls
  A shadow wraith (Vaults:5)
  5 anaconda zombies
  5 unseen horrors
  5 sea snakes
  A spatial maelstrom (Zig:7)
  6 glowing orange brains
  2 shadow demons
  3 spriggan druids
  A death drake (Zig:6)
  17 deep trolls
  16 phantasmal warriors
  15 naga ritualists
  A sea snake (shapeshifter) (Vaults:4)
  18 deep elf archers
  A spark wasp zombie (Zig:12)
  4 wizards
  Pikel (D:5)
  9 flayed ghosts
  19 necromancers
  14 harpies
  An anaconda skeleton (Tomb:1)
  20 ironbrand convokers
  A sphinx zombie (D:15)
  A harpy (shapeshifter) (Elf:2)
  10 hill giants
  A wolf spider zombie (D:15)
  A sphinx skeleton (Zig:9)
  10 oklob plants
  24 orc knights
  81 deep elf magi
  5 wolf spiders
  A stone giant zombie (D:15)
  5 frost giant zombies
  15 mana vipers
  3 fire giant zombies
  10 orc sorcerers
  4 shining eyes
  36 ugly things
  8 cyclopes
  16 manticores
  12 fauns
  An iron dragon skeleton (Crypt:3)
  16 salamanders
  An iron dragon zombie (Crypt:1)
  2 fire giant skeletons
  A titan simulacrum (Tomb:1)
  20 moths of wrath
  7 elephants
  21 naga magi
  A moth of wrath (shapeshifter) (D:14)
  6 guardian serpents
  36 black mambas
  14 sirens
  A guardian serpent (shapeshifter) (D:15)
  13 rust devils
  15 vault sentinels
  A dire elephant zombie (Crypt:3)
  7 water nymphs (Shoals:4)
  An apocalypse crab (Zig:7)
  A molten gargoyle (Hell)
  A torpor snail (Zig:5)
  3 gargoyles
  2 ice statues
  2 smoke demons
  3 orange demons (Lair:6)
  5 eyes of devastation
  17 spiny frogs
  A torpor snail (shapeshifter) (Depths:2)
  A dire elephant skeleton (Crypt:3)
  A demonic crawler (Hell)
  6 komodo dragons
  3 hellions
  20 freezing wraiths
  70 yaktaurs
  A purple draconian zombie (Crypt:3)
  2 rime drakes
  2 efreet (D:13)
  4 tormentors
  5 kobold demonologists
  48 guardian mummies
  8 ice devils
  A hydra zombie (Hell)
  13 hellwings
  7 red devils
  A redback zombie (Crypt:2)
  A troll (shapeshifter) (Vaults:5)
  2 queen bees (shapeshifter)
  3 ancient zymes (Zig:7)
  2 tengu conjurers (Depths:2)
  A merfolk (shapeshifter) (Zig:11)
  17 trolls
  14 merfolk
  6 meliai
  6 wind drakes
  3 jumping spiders (Crypt:3)
  3 polar bears (Lair:4)
  30 two-headed ogres
  A jumping spider (shapeshifter) (Vaults:5)
  A polar bear (shapeshifter) (Depths:3)
  2 hydra skeletons
  38 saltlings (Desolation)
  A queen bee (Lair:5)
  12 hornets
  An iron troll skeleton (Crypt:2)
  An alligator zombie (Crypt:3)
  149 slime creatures
  Grinder (D:6)
  A bog body (Zig:6)
  6 blink frogs
  A jumping spider zombie (Crypt:1)
  13 hippogriffs
  A fire dragon zombie (Tomb:1)
  7 dream sheep (Lair:6)
  The ghost of kengeki the Firebug, an amateur HEFE (D:5)
  6 snapping turtles
  An ettin zombie (Crypt:3)
  A redback (shapeshifter) (Depths:4)
  A fire dragon skeleton (Tomb:2)
  An ice dragon zombie (Tomb:1)
  3 shadows
  6 air elementals
  An ettin skeleton (Vaults:1)
  35 flying skulls
  4 redbacks
  3 spriggans (shapeshifter)
  2 ynoxinuls (Zig:4)
  An alligator skeleton (Crypt:3)
  31 water elementals
  10 wraiths
  31 yaks
  Sigmund (D:5)
  6 spriggans
  A vampire (D:6)
  6 wyverns
  12 ushabtiu
  8 basilisks
  5 golden eyes
  A black mamba skeleton (Crypt:1)
  A yak (shapeshifter) (Depths:1)
  Eustachio (D:5)
  3 hungry ghosts
  10 fire elementals
  3 chaos spawn
  Menkaure (D:6)
  A death yak simulacrum (IceCv)
  A vampire mosquito (Zig:6)
  2 neqoxecs
  4 mottled dragons
  3 spatial vortices
  65 nagas
  A hell hound (shapeshifter) (Elf:2)
  5 wargs
  A soldier ant (D:12)
  2 large abominations (Zig:7)
  21 water moccasins
  Duvessa (D:4)
  10 ice beasts
  2 floating eyes (Depths:3)
  8 porcupines
  A swamp drake (D:11)
  52 orc warriors
  A slave (D:5)
  6 hell hounds
  A black bear (shapeshifter) (Depths:1)
  4 phantoms
  A hornet zombie (D:7)
  A snapping turtle zombie (Crypt:3)
  A black bear (D:12)
  69 ogres
  2 sky beasts
  5 necrophages
  14 boggarts
  4 eyes of draining
  A boggart (shapeshifter) (Vaults:5)
  15 wolves
  A swamp dragon skeleton (Tomb:1)
  A tengu (D:5)
  16 centaurs
  5 crocodiles
  6 big kobolds
  A human zombie (Vaults:1)
  7 elf zombies
  17 bullfrogs
  An earth elemental (Elf:3)
  A gnoll sergeant (D:9)
  A salamander skeleton (Crypt:1)
  4 elf skeletons
  A wyvern zombie (D:12)
  2 scorpions (D:5)
  8 wyvern skeletons (Crypt:3)
  Dowan (D:4)
  A killer bee (shapeshifter) (Depths:2)
  34 killer bees
  A raiju skeleton (Crypt:2)
  7 wights
  3 electric eels
  8 howler monkeys
  10 crimson imps
  A lava snake (Lair:1)
  5 draconian simulacra (IceCv)
  7 hounds
  5 jellies
  27 orc priests
  28 orc wizards
  A bullfrog skeleton (D:8)
  7 centaur zombies
  Crazy Yiuf (D:5)
  4 centaur skeletons
  5 iguanas
  7 iron imps
  Ijyb (D:3)
  4 human skeletons
  2 lightning spires
  8 worker ants
  Natasha (thrice) (D:2)
  6 troll simulacra (IceCv)
  2 spriggan simulacra (IceCv)
  A polar bear simulacrum (IceCv)
  2 wolf simulacra (IceCv)
  6 centaur simulacra
  A hound zombie (D:8)
  3 hound skeletons
  54 mummies
  A worker ant zombie (D:11)
  25 gnolls
  14 adders
  2 ogre simulacra (IceCv)
  3 shadow imps
  13 white imps
  An ooze (D:2)
  3 adder skeletons
  5 worms
  6 ball lightnings
  2 dart slugs
  3 leopard geckos
  111 orcs
  3 ball pythons
  4 giant cockroaches
  8 goblins
  22 hobgoblins
  5 jackals
  4 quokkas
  10 bats
  3 frilled lizards
  A goblin zombie (Ossuary)
  11 hobgoblin zombies (Ossuary)
  2 jackal zombies (Ossuary)
  44 kobolds
  7 kobold zombies (Ossuary)
  9 orc zombies
  3 quokka skeletons
  A quokka zombie (D:9)
  7 rats
  2 rat zombies (Ossuary)
  3 bushes (D:11)
  A crawling corpse (Vaults:5)
  A fire vortex (Depths:4)
  A fungus (Lair:4)
  44 plants
  4 tentacles (Hell)
  14 withered plants
3514 creatures vanquished.

Vanquished Creatures (collateral kills)
  An ancient lich (Tomb:2)
  4 greater mummies
  A caustic shrike (Zig:10)
  2 golden dragons
  A Killer Klown (Zot:5)
  An iron giant (Zig:9)
  2 pandemonium lords
  11 tentacled monstrosities
  4 Orb Guardians (Zot:5)
  A titan (Vaults:5)
  2 quicksilver dragons (Zot:1)
  An acid blob (Slime:5)
  4 death cobs
  4 sphinxes
  2 shadow dragons
  A frost giant (Depths:4)
  8 storm dragons
  2 tengu reavers
  A vault warden (Vaults:5)
  4 fire giants
  A balrug (Zig:8)
  A ghoul (Crypt:1)
  A curse skull (Crypt:1)
  A reaper (Depths:4)
  A war gargoyle (Hell)
  2 ironheart preservers (Vaults:4)
  4 stone giants
  11 very ugly things
  2 vampire knights (Crypt:1)
  2 green draconians (Zot:5)
  A deep elf annihilator (Elf:3)
  A red draconian (Zot:2)
  2 white draconians (Zot:5)
  2 yellow draconians
  3 purple draconians
  3 mottled draconians
  A merfolk javelineer (Shoals:4)
  4 ettins
  An eidolon (Crypt:3)
  2 crystal guardians (Desolation)
  3 jiangshi (Crypt:1)
  4 merfolk impalers
  2 yaktaur captains
  A mummy priest (Tomb:3)
  4 fire dragons
  A deep elf high priest (Depths:4)
  A vault guard (Vaults:4)
  A servant of whispers (Desolation)
  A quicksilver dragon skeleton (Crypt:3)
  2 ice dragons
  A naga warrior (Snake:4)
  A peacekeeper (Desolation)
  An alligator snapping turtle (Shoals:4)
  A centaur warrior (Depths:2)
  2 merfolk avatars
  A dancing weapon (Elf:3)
  A merfolk aquamancer (Shoals:2)
  An ogre mage (Depths:4)
  An anaconda (Snake:3)
  3 death scarabs
  A hell hog (Hell)
  A tengu warrior (Depths:5)
  2 spriggan berserkers
  2 soul eaters
  A spriggan (Depths:4)
  4 sun demons (Hell)
  2 skeletal warriors
  2 golden dragon zombies (Crypt:3)
  2 hell knights
  2 anaconda zombies
  4 deep trolls
  4 sea snakes
  A deep troll (shapeshifter) (Depths:2)
  A deep elf archer (Vaults:3)
  A hill giant (Vaults:1)
  2 harpies (Shoals:2)
  A phantasmal warrior (Crypt:3)
  A frost giant zombie (Crypt:1)
  8 ugly things
  2 orc knights
  A wolf spider (Vaults:5)
  6 deep elf magi
  6 slime creatures
  3 fauns
  A salamander (Snake:3)
  2 iron dragon skeletons (Crypt:3)
  A black mamba (Snake:3)
  3 moths of wrath
  A rust devil (Hell)
  A shock serpent skeleton (Crypt:2)
  A molten gargoyle (Desolation)
  An orange demon (Depths:4)
  A freezing wraith (Crypt:3)
  4 guardian mummies
  2 hellwings (Crypt:3)
  7 merfolk
  2 wind drakes
  A hornet (Depths:4)
  2 two-headed ogres
  4 saltlings (Desolation)
  2 ice dragon zombies (Crypt:3)
  3 snapping turtles
  An alligator skeleton (Hell)
  A fire dragon zombie (Crypt:3)
  7 flying skulls
  5 water elementals
  2 air elementals (Depths:4)
  A redback (Crypt:3)
  4 wraiths
  2 ushabtiu
  2 fire elementals (Hell)
  2 golden eyes (Slime:2)
  A warg (Vaults:5)
  A water moccasin (Zig:10)
  A merfolk skeleton (Crypt:2)
  2 orc warriors (Vaults:5)
  3 snapping turtle zombies
  A boggart (Depths:2)
  5 ogres
  A crocodile (Zig:10)
  A draconian zombie (Crypt:1)
  3 wyvern skeletons (Crypt:3)
  A wight (Crypt:1)
  A black bear skeleton (Crypt:1)
  A two-headed ogre skeleton (Crypt:2)
  An orc wizard (Vaults:5)
  14 mummies
  A shadow imp (Depths:5)
  9 ball lightnings
  3 orcs
  A hobgoblin skeleton (Crypt:1)
  A hobgoblin zombie (Crypt:1)
  A quokka skeleton (Crypt:2)
  A rat zombie (Crypt:1)
  3 crawling corpses (Vaults:5)
  11 fire vortices
  A plant (Shoals:4)
  4 withered plants (Crypt:3)
335 creatures vanquished.

Vanquished Creatures (others)
  A tentacled monstrosity (Zot:4)
  21 death scarabs
  2 moths of wrath (Zot:5)
  318 ball lightnings
  A merfolk (Shoals:4)
  11 flying skulls
  An iron imp (Zig:12)
  An orc wizard (Orc:2)
  4 mummies
  4 orcs
  1064 fire vortices
  7 fungi
  13 pillars of salt (Vaults:2)
  19 plants
  21 withered plants
1488 creatures vanquished.

Grand Total: 5337 creatures vanquished

Notes
Turn   | Place    | Note
-------+----------+-------------------------------------------
     0 | D:1      | kengeki the High Elf Fire Elementalist began the quest for the Orb.
     0 | D:1      | Reached XP level 1. HP: 11/11 MP: 4/4
   320 | D:1      | Reached XP level 2. HP: 17/17 MP: 4/6
   328 | D:1      | Learned a level 2 spell: Throw Flame
  1063 | D:3      | Reached skill level 2 in Conjurations
  1063 | D:3      | Reached XP level 3. HP: 21/21 MP: 5/8
  1486 | D:4      | Found a shadowy altar of Dithmenos.
  1490 | D:4      | Reached XP level 4. HP: 27/27 MP: 3/10
  1583 | D:3      | Learned a level 4 spell: Sticky Flame
  1596 | D:4      | Found a shimmering altar of Xom.
  1597 | D:4      | Found a white marble altar of Elyvilon.
  1706 | D:4      | Noticed an ogre
  1752 | D:4      | Killed an ogre
  1752 | D:4      | Reached XP level 5. HP: 31/31 MP: 5/12
  1814 | D:4      | Found a snail-covered altar of Cheibriados.
  1815 | D:4      | Found a hazy altar of Hepliaklqana.
  1821 | D:4      | Found an ancient bone altar of Kikubaaqudgha.
  1865 | D:4      | Reached skill level 3 in Conjurations
  2327 | D:4      | Found Ybucw's Magic Scroll Shop.
  2347 | D:4      | Bought 3 scrolls of teleportation for 99 gold pieces
  2347 | D:4      | Bought a scroll of teleportation for 33 gold pieces
  2357 | D:4      | Noticed an ice beast
  2361 | D:4      | Killed an ice beast
  2361 | D:4      | Reached skill level 5 in Spellcasting
  2361 | D:4      | Reached XP level 6. HP: 36/36 MP: 8/14
  2368 | D:4      | Learned a level 5 spell: Fireball
  2372 | D:4      | Learned a level 3 spell: Conjure Flame
  2534 | D:4      | Noticed Duvessa
  2534 | D:4      | Noticed Dowan
  2859 | D:4      | Killed Dowan
  2877 | D:5      | Entered Level 5 of the Dungeon
  3138 | D:4      | Reached skill level 4 in Conjurations
  3138 | D:4      | Reached XP level 7. HP: 13/41 MP: 5/17
  3676 | D:4      | Reached skill level 5 in Fire Magic
  4006 | D:4      | Killed Duvessa
  4384 | D:5      | Learned a level 3 spell: Inner Flame
  4779 | D:5      | Reached skill level 5 in Conjurations
  4939 | D:5      | Noticed Sigmund
  4942 | D:5      | Killed Sigmund
  4942 | D:5      | Reached XP level 8. HP: 46/46 MP: 6/20
  5001 | D:5      | Noticed kengeki's ghost (amateur HEFE)
  5157 | D:5      | Noticed Eustachio
  5342 | D:5      | Killed Eustachio
  5497 | D:5      | Killed kengeki's ghost
  5734 | D:5      | Noticed Pikel
  5748 | D:5      | Killed Pikel
  5748 | D:5      | Reached skill level 6 in Conjurations
  5805 | D:5      | Found a runed door.
  5809 | D:5      | Noticed Crazy Yiuf
  5819 | D:5      | Killed Crazy Yiuf
  5959 | D:5      | Found a sparkling altar of Nemelex Xobeh.
  5959 | D:5      | Found a shattered altar of Ashenzari.
  6124 | D:5      | Reached XP level 9. HP: 51/51 MP: 10/23
  6333 | D:5      | Gained mutation: You have a somewhat thin skeletal structure. (Dex +2, Stealth) [potion of beneficial mutation]
  6410 | D:6      | Got a transparent silver ring
  6411 | D:6      | Identified the ring "Feycoarr" {rElec rC- Slay+3 Stlth-} (You found it on level 6 of the Dungeon)
  6439 | D:6      | Found Akaody's Distillery.
  6487 | D:6      | Bought a potion of agility for 44 gold pieces
  6532 | D:6      | Noticed Menkaure
  6754 | D:6      | Killed Menkaure
  7123 | D:6      | Reached skill level 10 in Spellcasting
  7459 | D:6      | Found a blossoming altar of Fedhas.
  7557 | D:6      | Noticed Grinder
  7742 | D:6      | Paralysed by Grinder for 3 turns
  7746 | D:6      | Killed Grinder
  7746 | D:6      | Reached skill level 7 in Conjurations
  8623 | D:7      | Found a staircase to the Ecumenical Temple.
  8670 | D:7      | Found a sand-covered staircase.
  8682 | Ossuary  | Entered an ossuary
  9624 | Temple   | Entered the Ecumenical Temple
  9689 | Temple   | Became a worshipper of Vehumet
  9728 | D:7      | Found a sparkling altar of Nemelex Xobeh.
  9828 | D:7      | Reached XP level 10. HP: 57/57 MP: 14/26
  9917 | D:7      | Found a bloodstained altar of Trog.
  9942 | D:7      | Reached skill level 1 in Fighting
 10249 | D:7      | Reached skill level 8 in Conjurations
 10470 | D:7      | Found an iron altar of Okawaru.
 10470 | D:7      | Found an opulent altar of Gozag.
 10997 | D:3      | Noticed Ijyb
 11003 | D:3      | Killed Ijyb
 11003 | D:3      | Reached skill level 1 in Short Blades
 11494 | D:3      | Reached * piety under Vehumet
 11494 | D:3      | Offered knowledge of Sandblast by Vehumet.
 11817 | D:2      | Noticed Natasha
 11822 | D:2      | Killed Natasha
 12192 | D:2      | Found a basalt altar of Yredelemnul.
 12217 | D:2      | Noticed Natasha
 12218 | D:2      | Killed Natasha
 12370 | D:2      | Noticed Natasha
 12371 | D:2      | Killed Natasha
 13008 | D:8      | Offered knowledge of Freeze by Vehumet.
 13016 | D:8      | Reached ** piety under Vehumet
 13906 | D:9      | Offered knowledge of Ignite Poison by Vehumet.
 14069 | D:9      | Found Nehoor's Food Shoppe.
 14559 | D:10     | Entered Level 10 of the Dungeon
 14584 | D:10     | Noticed a hill giant
 14591 | D:10     | Killed a hill giant
 14666 | D:10     | Noticed a gargoyle
 14668 | D:10     | Killed a gargoyle
 14719 | D:10     | Found a flagged portal.
 14733 | D:10     | Reached *** piety under Vehumet
 14908 | D:10     | Noticed a gargoyle
 15046 | D:10     | Killed a gargoyle
 15046 | D:10     | Reached skill level 5 in Stealth
 15046 | D:10     | Reached XP level 11. HP: 45/67 MP: 23/27
 15081 | Bailey   | Entered a bailey
 15307 | Bailey   | Noticed an orc knight
 15355 | Bailey   | Offered knowledge of Stone Arrow by Vehumet.
 15498 | Bailey   | Killed an orc knight
 15654 | Bailey   | Gained mutation: Your mind is acute. (Int +2) [potion of beneficial mutation]
 15655 | Bailey   | Gained mutation: Your flesh is cold resistant. (rC+) [potion of beneficial mutation]
 15875 | D:10     | Learned a level 3 spell: Spider Form
 15959 | D:10     | Found a glowing golden altar of the Shining One.
 15960 | D:10     | Noticed an angel
 15965 | D:10     | Found a runed door.
 16027 | D:10     | Noticed a hill giant
 16038 | D:10     | Killed a hill giant
 16307 | D:11     | Found a staircase to the Lair.
 16307 | D:11     | Noticed a hill giant
 16314 | D:11     | Noticed a hill giant
 16317 | D:11     | Noticed a cyan ugly thing
 16319 | D:11     | Noticed an oklob plant
 16321 | D:11     | Noticed an oklob plant
 16323 | D:11     | Found Idufaadd's Jewellery Shop.
 16497 | D:11     | Reached **** piety under Vehumet
 16558 | D:11     | Noticed Fannar
 16563 | D:11     | Killed Fannar
 16563 | D:11     | Reached skill level 5 in Dodging
 16563 | D:11     | Reached skill level 1 in Transmutations
 16584 | D:11     | Bought an uncursed ring of magical power for 280 gold pieces
 16711 | D:11     | Killed a hill giant
 16711 | D:11     | Reached skill level 5 in Short Blades
 16712 | D:11     | Offered knowledge of Bolt of Magma by Vehumet.
 16957 | D:11     | Killed a hill giant
 17015 | D:11     | Killed a cyan ugly thing
 17258 | D:11     | Reached skill level 1 in Poison Magic
 17326 | D:11     | Found a staircase to the Orcish Mines.
 17332 | D:11     | Reached skill level 9 in Conjurations
 17502 | D:11     | Reached ***** piety under Vehumet
 17836 | D:11     | Killed an oklob plant
 17836 | D:11     | Offered knowledge of Bolt of Fire by Vehumet.
 17902 | D:11     | Killed an oklob plant
 17998 | D:11     | Noticed an oklob plant
 18001 | D:11     | Killed an oklob plant
 18240 | D:11     | Learned a level 6 spell: Bolt of Fire
 18242 | Lair:1   | Entered Level 1 of the Lair of Beasts
 18264 | Lair:1   | Reached skill level 5 in Fighting
 18264 | Lair:1   | Reached XP level 12. HP: 77/77 MP: 25/29
 20853 | Lair:2   | Learned a level 2 spell: Repel Missiles
 20856 | Lair:2   | Learned a level 2 spell: Swiftness
 20960 | Lair:3   | Noticed Urug
 20964 | Lair:3   | Killed Urug
 20964 | Lair:3   | Reached skill level 1 in Charms
 20964 | Lair:3   | Reached skill level 1 in Air Magic
 21607 | Lair:3   | Noticed Rupert
 21614 | Lair:3   | Killed Rupert
 21620 | Lair:3   | Reached skill level 10 in Conjurations
 21620 | Lair:3   | Reached skill level 10 in Fire Magic
 22335 | Lair:3   | Noticed Gastronok
 22385 | Lair:3   | Killed Gastronok
 22605 | Lair:4   | Reached XP level 13. HP: 83/83 MP: 27/30
 22785 | Lair:4   | Offered knowledge of Bolt of Draining by Vehumet.
 23251 | Lair:4   | Found a staircase to the Shoals.
 23354 | Lair:4   | Noticed Josephine
 23358 | Lair:4   | Killed Josephine
 23523 | Lair:4   | Found a staircase to the Snake Pit.
 24005 | Lair:5   | Found a staircase to the Slime Pits.
 24114 | Lair:5   | Found a frozen archway.
 24477 | IceCv    | Entered an ice cave
 24553 | IceCv    | Reached skill level 5 in Air Magic
 24604 | IceCv    | Reached skill level 5 in Charms
 24918 | IceCv    | Found an ancient bone altar of Kikubaaqudgha.
 26035 | Lair:5   | Offered knowledge of Spellforged Servitor by Vehumet.
 26942 | Lair:5   | Learned a level 7 spell: Spellforged Servitor
 26994 | Lair:6   | Entered Level 6 of the Lair of Beasts
 27248 | Lair:6   | Reached XP level 14. HP: 92/92 MP: 30/32
 27365 | Lair:6   | Reached skill level 11 in Conjurations
 28480 | Lair:6   | Offered knowledge of Irradiate by Vehumet.
 29175 | Lair:6   | Found a burning altar of Makhleb.
 29181 | Lair:6   | Found a gateway to Hell.
 29593 | Lair:1   | Learned a level 5 spell: Lightning Bolt
 29681 | Orc:1    | Entered Level 1 of the Orcish Mines
 29936 | Orc:1    | Noticed Nergalle
 29937 | Orc:1    | Killed Nergalle
 30253 | Orc:1    | Reached skill level 10 in Stealth
 30563 | Orc:2    | Entered Level 2 of the Orcish Mines
 30747 | Orc:2    | Found a roughly hewn altar of Beogh.
 31016 | Orc:2    | Offered knowledge of Ozocubu's Refrigeration by Vehumet.
 31194 | Orc:2    | Found a staircase to the Elven Halls.
 31660 | Orc:2    | Reached XP level 15. HP: 99/99 MP: 33/33
 31788 | Orc:2    | Found Zipuushua's Assorted Antiques.
 31788 | Orc:2    | Found Kyerchigh's Assorted Antiques.
 31790 | Orc:2    | Found Zekhurr's Antique Weapon Shoppe.
 31790 | Orc:2    | Found Puhevvas's Food Boutique.
 31809 | Orc:2    | Bought a metal-bound book for 585 gold pieces
 31843 | Orc:2    | Reached skill level 10 in Short Blades
 32055 | D:12     | Identified a scroll of acquirement
 32056 | D:12     | Got a heavily runed amber ring
 32058 | D:12     | Identified the ring "Ydghierr" {Dex+6 Stlth+} (You acquired it on level 12 of the Dungeon)
 32320 | D:12     | Found a labyrinth entrance.
 32335 | Lab      | Entered a labyrinth
 33068 | D:12     | Reached skill level 1 in Summonings
 33079 | D:12     | Found a sacrificial altar of Ru.
 33156 | D:12     | Reached skill level 12 in Conjurations
 33787 | D:13     | Noticed Snorg
 33790 | D:13     | Killed Snorg
 34406 | D:13     | Offered knowledge of Conjure Ball Lightning by Vehumet.
 34730 | D:11     | Bought an uncursed ring of wizardry for 420 gold pieces
 34780 | D:12     | Learned a level 6 spell: Conjure Ball Lightning
 35496 | D:13     | Found a gate to the Vaults.
 36415 | D:15     | Entered Level 15 of the Dungeon
 36415 | D:15     | Noticed Azzok's ghost (journeyman DDFi)
 36811 | D:14     | Reached skill level 10 in Dodging
 37198 | D:15     | Got an ichor-stained helmet
 37484 | D:14     | Identified the +1 helmet of the Tortoise {rC+ rCorr Str+4 Dex+2} (You found it on level 15 of the Dungeon)
 38342 | D:12     | Learned a level 2 spell: Sticks to Snakes
 38614 | Elf:1    | Entered Level 1 of the Elven Halls
 38651 | Elf:1    | Reached ****** piety under Vehumet
 38706 | Elf:1    | Offered knowledge of Iron Shot by Vehumet.
 39440 | Elf:1    | Reached XP level 16. HP: 61/108 MP: 12/35
 39605 | Elf:1    | Gained mutation: You are partially covered in yellow scales. (AC +2) [potion of beneficial mutation]
 39722 | Elf:1    | Reached skill level 5 in Summonings
 40543 | D:4      | Bought a scroll of acquirement for 572 gold pieces
 40543 | D:4      | Bought a scroll of magic mapping for 38 gold pieces
 40543 | D:4      | Bought a scroll of identify for 22 gold pieces
 40543 | D:4      | Bought a scroll of enchant armour for 82 gold pieces
 40543 | D:4      | Bought a scroll of magic mapping for 38 gold pieces
 40543 | D:4      | Bought a scroll of fear for 38 gold pieces
 40543 | D:4      | Bought a scroll of fear for 38 gold pieces
 40543 | D:4      | Bought a scroll of fear for 38 gold pieces
 41015 | Snake:1  | Entered Level 1 of the Snake Pit
 41072 | Snake:1  | Noticed Aizul
 41134 | Lair:4   | Killed Aizul
 41134 | Lair:4   | Reached skill level 15 in Spellcasting
 41689 | Snake:1  | Reached skill level 1 in Evocations
 42058 | Snake:1  | Learned a level 6 spell: Iron Shot
 42137 | Snake:1  | Reached skill level 1 in Earth Magic
 42243 | Snake:1  | Found a sacrificial altar of Ru.
 43113 | Snake:2  | Offered knowledge of Lehudib's Crystal Spear by Vehumet.
 43113 | Snake:2  | Offered knowledge of Fire Storm by Vehumet.
 43113 | Snake:2  | Offered knowledge of Glaciate by Vehumet.
 43114 | Snake:2  | Reached skill level 5 in Earth Magic
 44645 | Snake:3  | Identified the Volume of Conjuration (You acquired it on level 3 of the Snake Pit)
 44829 | Snake:3  | Noticed Asterion
 44841 | Snake:3  | Killed Asterion
 44952 | Snake:3  | Gained mutation: Your muscles are strong. (Str +2) [potion of beneficial mutation]
 45050 | Snake:3  | Reached XP level 17. HP: 113/113 MP: 35/37
 45961 | Snake:4  | Entered Level 4 of the Snake Pit
 46543 | Snake:4  | Found Gehoschuxio's Gadget Shop.
 46547 | Snake:4  | Found Owomp's Jewellery Emporium.
 46548 | Snake:4  | Found Ylozuj's Gadget Shop.
 47687 | Snake:4  | Reached skill level 13 in Conjurations
 47694 | Snake:4  | Reached skill level 5 in Evocations
 48406 | Snake:4  | Reached skill level 10 in Fighting
 49948 | Snake:4  | Noticed Vashnia
 49963 | Snake:4  | Reached XP level 18. HP: 121/121 MP: 39/39
 51079 | Snake:4  | Killed Vashnia
 51729 | Snake:4  | Got a serpentine rune of Zot
 52363 | D:15     | Killed Azzok's ghost
 52461 | D:15     | Found Okkage's Serpentskin Sales.
 52786 | D:15     | Found a staircase to the Depths.
 53845 | Snake:4  | Bought an uncursed ring of fire for 325 gold pieces
 54570 | Vaults:1 | Entered Level 1 of the Vaults
 57074 | Vaults:2 | Found Qiasik's Food Shop.
 57211 | Vaults:2 | Found Veidoirph's Weapon Emporium.
 57345 | Vaults:2 | Found Nurergh's Jewellery Shoppe.
 57393 | Vaults:2 | Found Azijiry's Distillery.
 57408 | Vaults:2 | Bought a potion of haste for 210 gold pieces
 57410 | Vaults:2 | Found Koijoe's Antique Weapon Shoppe.
 57489 | Vaults:2 | Found a ruined gateway.
 57513 | Desolati | Entered the Desolation of Salt
 57546 | Desolati | Reached XP level 19. HP: 128/128 MP: 35/40
 58166 | Desolati | Reached skill level 14 in Conjurations
 58431 | Desolati | Got a shadowed robe
 58439 | Desolati | Identified Ukaberrump's Compendium of Unholy Combat Magic
 58448 | Desolati | Got a translucent buckler
 58517 | Desolati | Got a scintillating ruby amulet
 58531 | Desolati | Identified the +0 robe of Music {+Blink Int+2} (You took it off a ragged hierophant in the Desolation of Salt)
 58546 | Desolati | Identified the +0 buckler of the Wasteland {rF+++ Regen+ Dex-3 Slay+3} (You found it in the Desolation of Salt)
 58555 | Desolati | Identified the Papyrus of Aid and the Glacier (You acquired it in the Desolation of Salt)
 58593 | Desolati | Reached skill level 1 in Shields
 58746 | Desolati | Identified the Grimoire of Displaced Evil
 59254 | Desolati | Got a pair of distressingly furry boots
 59268 | Desolati | Identified Sif Muna's Reference Book on Protection and Envenoming
 59306 | Desolati | Identified the +0 pair of boots "Icruty" {*Slow rElec rPois Dex-3} (You found it in the Desolation of Salt)
 59327 | Desolati | Got a faintly glowing quarterstaff
 59391 | Vaults:2 | Identified the +6 quarterstaff of Gomyamein {speed, rF+ rN+ Str+4 Dex-4} (You found it in the Desolation of Salt)
 60287 | Vaults:3 | Found Naolor's Magic Scroll Shoppe.
 60299 | Vaults:3 | Bought a scroll of silence for 150 gold pieces
 60306 | Vaults:3 | Reached skill level 5 in Shields
 60667 | Vaults:3 | Found a magical portal.
 60681 | WizLab   | Entered Iskenderun's Mystic Tower
 60778 | WizLab   | Reached skill level 10 in Evocations
 61667 | WizLab   | Reached XP level 20. HP: 137/137 MP: 42/42
 61678 | WizLab   | Learned a level 9 spell: Fire Storm
 61840 | WizLab   | Identified Tikhear's Volume of Freezing Air
 61854 | WizLab   | Identified Iskenderun's Tome of Blows and Bruises
 61854 | WizLab   | Identified Iskenderun's Guide on Confrontation
 62015 | Vaults:3 | Found a staircase to the Crypt.
 63488 | Vaults:4 | Reached skill level 15 in Conjurations
 63926 | Vaults:4 | Found Folamp's Weapon Boutique.
 65708 | Vaults:3 | Bought a scroll of amnesia for 70 gold pieces
 65708 | Vaults:3 | Bought a scroll of identify for 40 gold pieces
 65708 | Vaults:3 | Bought a scroll of identify for 40 gold pieces
 65708 | Vaults:3 | Bought a scroll of blinking for 150 gold pieces
 65709 | Vaults:3 | Identified the amulet of Vujurr {Harm *Drain rElec rN+} (You took it off a ragged hierophant in the Desolation of Salt)
 66512 | Depths:1 | Entered Level 1 of the Depths
 67010 | Depths:1 | Reached skill level 16 in Conjurations
 67011 | Depths:1 | Reached skill level 15 in Fire Magic
 67326 | Depths:1 | Reached XP level 21. HP: 145/145 MP: 43/44
 67390 | Depths:1 | Found a deep blue altar of Sif Muna.
 67891 | Depths:1 | Got a twitching pewter amulet
 67899 | Depths:1 | Identified the amulet of Agiugil {RegenMP rN++} (You took it off a rakshasa on level 1 of the Depths)
 68159 | Depths:2 | Noticed Sojobo
 68168 | Depths:2 | Killed Sojobo
 68461 | Depths:2 | Reached skill level 17 in Conjurations
 68465 | Depths:2 | Noticed Mara
 68736 | Depths:2 | Killed Mara
 68783 | Depths:2 | Found a gateway to a ziggurat.
 70262 | Depths:3 | Reached skill level 18 in Conjurations
 70417 | Depths:3 | Reached skill level 5 in Transmutations
 70608 | Depths:3 | Reached XP level 22. HP: 146/152 MP: 37/45
 70694 | Depths:3 | Found a one-way gate leading to the halls of Pandemonium.
 72453 | Depths:4 | Noticed Frederick
 72458 | Depths:4 | Killed Frederick
 72628 | Depths:4 | Found a one-way gate to the infinite horrors of the Abyss.
 72634 | Depths:4 | Reached skill level 19 in Conjurations
 73665 | Depths:4 | Noticed a greater mummy
 73672 | Depths:4 | Killed a greater mummy
 74172 | Depths:4 | Noticed a greater mummy
 74192 | Depths:4 | Killed a greater mummy
 74202 | Depths:4 | Noticed a greater mummy
 74204 | Depths:4 | Killed a greater mummy
 74740 | Depths:5 | Entered Level 5 of the Depths
 74809 | Depths:5 | Reached XP level 23. HP: 157/157 MP: 26/46
 74896 | Depths:4 | Reached skill level 20 in Conjurations
 75569 | Depths:5 | Found Ytorirchot's General Store.
 75702 | Depths:5 | Found Wuqoos's Jewellery Shop.
 75704 | Depths:5 | Found Tuathoa's Food Boutique.
 75706 | Depths:5 | Found Xueffec's Food Shop.
 76002 | Depths:5 | Found a gate to the Realm of Zot.
 76476 | Depths:5 | Bought the +5 pair of boots "Uschogyt" {MR++} for 898 gold pieces
 76476 | Depths:5 | Bought a scroll of identify for 40 gold pieces
 76476 | Depths:5 | Bought a scroll of identify for 40 gold pieces
 76691 | D:15     | Learned a level 7 spell: Orb of Destruction
 76939 | Shoals:1 | Entered Level 1 of the Shoals
 78935 | Shoals:3 | Got a pair of steaming boots
 78936 | Shoals:3 | Identified the +1 pair of boots of Music {+Fly} (You found it on level 3 of the Shoals)
 78988 | Shoals:3 | Found Celyefev's Distillery.
 79293 | Shoals:3 | Found Akenk's Weapon Shoppe.
 79370 | Shoals:3 | Found Fitsusm's Antique Weapon Boutique.
 79370 | Shoals:3 | Found Odegh's Food Boutique.
 79445 | Shoals:3 | Got a pair of jewelled gloves
 79446 | Shoals:3 | Identified the cursed +0 pair of gloves of Jelaireas {+Fly rF+} (You found it on level 3 of the Shoals)
 79602 | Shoals:4 | Entered Level 4 of the Shoals
 79985 | Shoals:4 | Got a barnacled rune of Zot
 80461 | Shoals:4 | Killed Ilsuiw
 80657 | Shoals:4 | Got a twisted robe
 80658 | Shoals:4 | Identified the cursed +0 robe of the Poles {rCorr Int+4 Dex+6} (You found it on level 4 of the Shoals)
 81768 | Elf:2    | Noticed Agnes
 81774 | Elf:2    | Killed Agnes
 81891 | Elf:2    | Reached XP level 24. HP: 165/165 MP: 39/46
 81962 | Elf:2    | Noticed BertyLohan's ghost (adept SpCj)
 81963 | Elf:2    | Killed BertyLohan's ghost
 82085 | Elf:2    | Noticed Azrael
 82088 | Elf:2    | Killed Azrael
 82334 | Elf:2    | Found a huge runed gate.
 82334 | Elf:2    | Found a huge runed gate.
 82334 | Elf:2    | Found a huge runed gate.
 82334 | Elf:2    | Found a huge runed gate.
 82334 | Elf:2    | Found a huge runed gate.
 82851 | Elf:2    | Noticed Saint Roka
 82857 | Elf:2    | Killed Saint Roka
 83112 | Elf:3    | Entered Level 3 of the Elven Halls
 84385 | Elf:3    | Got a vibrating granite ring
 84418 | Elf:3    | Identified the ring of Cochy {AC+2 Str+3} (You took it off a deep elf demonologist on level 3 of the Elven Halls)
 84426 | Elf:3    | Identified Dinij's Grimoire of Fiery Arcane Weapons
 84441 | Elf:3    | Got a scorched cloak
 84442 | Elf:3    | Identified the cursed -3 cloak of the Barnacle {*Contam rElec Int+5} (You found it on level 3 of the Elven Halls)
 84498 | Elf:3    | Identified the Volume of Beguiling
 84545 | Elf:3    | Got a transparent shield
 84546 | Elf:3    | Identified the +5 shield of Wimmeb {rElec Regen+ Stlth+} (You found it on level 3 of the Elven Halls)
 84597 | Elf:3    | Learned a level 2 spell: Blink
 85123 | D:15     | Learned a level 7 spell: Delayed Fireball
 85282 | Vaults:1 | Reached skill level 21 in Conjurations
 85371 | Vaults:2 | Bought an uncursed amulet of the gourmand for 420 gold pieces
 85375 | Vaults:2 | Bought an uncursed ring of fire for 350 gold pieces
 85932 | Slime:1  | Entered Level 1 of the Pits of Slime
 85955 | Slime:1  | Reached skill level 15 in Dodging
 86154 | Slime:1  | Found a viscous altar of Jiyva.
 86378 | Slime:2  | Reached XP level 25. HP: 173/173 MP: 47/47
 86390 | Slime:2  | Noticed Dissolution
 86400 | Slime:2  | Killed Dissolution
 86839 | Slime:3  | Reached skill level 1 in Translocations
 87610 | Slime:4  | Found a viscous altar of Jiyva.
 87673 | Slime:5  | Entered Level 5 of the Pits of Slime
 87701 | Slime:5  | Killed dscm's ghost
 87724 | Slime:5  | Noticed the Royal Jelly
 88037 | Slime:5  | Found a viscous altar of Jiyva.
 88103 | Slime:5  | Killed the Royal Jelly
 88103 | Slime:5  | Reached skill level 15 in Fighting
 88178 | Slime:5  | Got a scorched marble ring
 88179 | Slime:5  | Identified the ring "Tiadupn" {rPois rF+ Int+3 Dex+2 Stlth-} (You found it on level 5 of the Pits of Slime)
 88201 | Slime:5  | Got a slimy rune of Zot
 88242 | Slime:5  | Got a twitching wooden ring
 88243 | Slime:5  | Identified the ring "Foon" {Wiz rPois MP+9 Dex+5 Slay-5} (You found it on level 5 of the Pits of Slime)
 88247 | Slime:5  | Identified Sif Muna's Tome of the Ghastly Birds
 88370 | Slime:5  | Identified a +9 rod of ignition (10/10) (You found it on level 5 of the Pits of Slime)
 88970 | D:15     | Reached skill level 5 in Translocations
 89324 | Vaults:5 | Entered Level 5 of the Vaults
 89425 | Vaults:5 | Reached XP level 26. HP: 181/181 MP: 18/47
 89784 | Vaults:5 | Reached skill level 15 in Evocations
 90159 | Vaults:5 | Got a silver rune of Zot
 90815 | Vaults:5 | Found Vaddonoc's Distillery.
 90825 | Vaults:5 | Bought a potion of magic for 120 gold pieces
 90825 | Vaults:5 | Bought a potion of heal wounds for 75 gold pieces
 90825 | Vaults:5 | Bought a potion of heal wounds for 75 gold pieces
 90825 | Vaults:5 | Bought a potion of heal wounds for 75 gold pieces
 91024 | Vaults:5 | Got a dazzling buckler
 91109 | Vaults:5 | Identified the cursed +0 buckler "Sistrycudgh" {rC- rCorr Dex+4 Slay+2} (You took it off an orc wizard on level 5 of the Vaults)
 91180 | Vaults:5 | Got a scorched short sword {pierce}
 91230 | Vaults:5 | Identified the cursed +0 short sword "Teteveh" {pierce, rN+ Int+3} (You took it off a yaktaur on level 5 of the Vaults)
 91443 | Vaults:5 | Identified Sif Muna's Disquisition on Flames and Toxins
 91898 | Vaults:3 | Bought a scroll of enchant armour for 150 gold pieces
 91898 | Vaults:3 | Bought a scroll of enchant armour for 150 gold pieces
 92433 | Crypt:1  | Entered Level 1 of the Crypt
 93240 | Crypt:1  | Reached skill level 22 in Conjurations
 93920 | Crypt:3  | Entered Level 3 of the Crypt
 95349 | Crypt:3  | Found a staircase to the Tomb.
 95667 | Crypt:3  | Reached skill level 10 in Summonings
 95724 | Crypt:3  | Noticed an ancient lich
 95724 | Crypt:3  | Reached XP level 27. HP: 189/189 MP: 38/48
 95725 | Crypt:3  | Killed an ancient lich
 96136 | Crypt:3  | Found an ancient bone altar of Kikubaaqudgha.
 96561 | Tomb:1   | Entered Level 1 of the Tomb of the Ancients
 96676 | Tomb:1   | Learned a level 2 spell: Sublimation of Blood
 96914 | Tomb:1   | Reached skill level 1 in Necromancy
 97087 | Tomb:1   | Noticed a greater mummy
 97088 | Tomb:1   | Killed a greater mummy
 97372 | Tomb:1   | Noticed a greater mummy
 97373 | Tomb:1   | Killed a greater mummy
 97567 | Tomb:1   | Noticed a greater mummy
 97570 | Tomb:1   | Killed a greater mummy
 97861 | Tomb:2   | Reached skill level 15 in Stealth
 97864 | Tomb:2   | Noticed a greater mummy
 97866 | Tomb:2   | Noticed an ancient lich
 98066 | Tomb:2   | Noticed an ancient lich
 98066 | Tomb:2   | Noticed a greater mummy
 98068 | Tomb:2   | Killed an ancient lich
 98749 | Orc:2    | Bought a potion of invisibility for 312 gold pieces
 98749 | Orc:2    | Bought a scroll of recharging for 370 gold pieces
 98752 | Orc:2    | Bought a beef jerky for 19 gold pieces
 98752 | Orc:2    | Bought a bread ration for 65 gold pieces
 98752 | Orc:2    | Bought a meat ration for 65 gold pieces
 98752 | Orc:2    | Bought a meat ration for 65 gold pieces
 98752 | Orc:2    | Bought a bread ration for 65 gold pieces
 98752 | Orc:2    | Bought a bread ration for 65 gold pieces
 98752 | Orc:2    | Bought a meat ration for 65 gold pieces
 98752 | Orc:2    | Bought 3 fruits for 58 gold pieces
 98756 | Orc:2    | Bought a royal jelly for 26 gold pieces
 98758 | Orc:2    | Bought a scroll of recharging for 370 gold pieces
 99053 | Hell     | Entered the Vestibule of Hell
 99053 | Hell     | Noticed Geryon
 99059 | Hell     | Killed Geryon
 99069 | Hell     | Noticed Murray
 99075 | Hell     | Killed Murray
 99456 | Hell     | Reached skill level 5 in Necromancy
 99644 | Hell     | Found a gateway to the decaying netherworld of Tartarus.
 99736 | Hell     | Found a gateway to the freezing wastes of Cocytus.
 99838 | Hell     | Found a gateway to the Iron City of Dis.
 99974 | Hell     | Found a gateway to the ashen valley of Gehenna.
101043 | Hell     | Learned a level 5 spell: Lee's Rapid Deconstruction
101570 | Tomb:1   | Noticed a greater mummy
101573 | Tomb:1   | Killed a greater mummy
101590 | Tomb:1   | Noticed a greater mummy
101592 | Tomb:1   | Killed a greater mummy
101599 | Tomb:1   | Noticed a greater mummy
101600 | Tomb:1   | Killed a greater mummy
101604 | Tomb:1   | Noticed a greater mummy
101605 | Tomb:1   | Killed a greater mummy
101747 | Tomb:1   | Noticed a greater mummy
101749 | Tomb:1   | Killed a greater mummy
101760 | Tomb:1   | Noticed a greater mummy
101762 | Tomb:1   | Killed a greater mummy
101880 | Tomb:1   | Noticed a greater mummy
101882 | Tomb:1   | Killed a greater mummy
102011 | Tomb:1   | Noticed a greater mummy
102020 | Tomb:1   | Killed a greater mummy
102134 | Tomb:1   | Noticed a greater mummy
102137 | Tomb:1   | Killed a greater mummy
102734 | Depths:5 | Learned a level 3 spell: Regeneration
103352 | Tomb:1   | Noticed a greater mummy
103356 | Tomb:1   | Killed a greater mummy
103388 | Tomb:1   | Noticed a greater mummy
103390 | Tomb:1   | Killed a greater mummy
103412 | Tomb:1   | Noticed a greater mummy
103414 | Tomb:1   | Killed a greater mummy
103581 | Tomb:1   | Noticed a greater mummy
103584 | Tomb:1   | Killed a greater mummy
103591 | Tomb:1   | Noticed a greater mummy
103595 | Tomb:1   | Killed a greater mummy
103596 | Tomb:1   | Noticed a greater mummy
103596 | Tomb:1   | Killed a greater mummy
103618 | Tomb:1   | Noticed a greater mummy
103619 | Tomb:1   | Killed a greater mummy
103699 | Tomb:1   | Noticed a greater mummy
103702 | Tomb:1   | Killed a greater mummy
103811 | Tomb:1   | Noticed a greater mummy
103814 | Tomb:1   | Killed a greater mummy
104209 | Tomb:2   | Killed an ancient lich
104209 | Tomb:2   | Reached skill level 23 in Conjurations
104267 | Tomb:2   | Killed a greater mummy
104271 | Tomb:2   | Killed a greater mummy
104767 | Tomb:3   | Entered Level 3 of the Tomb of the Ancients
104915 | Tomb:3   | Noticed a greater mummy
104915 | Tomb:3   | Noticed a greater mummy
104915 | Tomb:3   | Killed a greater mummy
104917 | Tomb:3   | Killed a greater mummy
105003 | Tomb:3   | Noticed an ancient lich
105005 | Tomb:3   | Noticed a greater mummy
105044 | Tomb:2   | Killed an ancient lich
105324 | Tomb:3   | Killed a greater mummy
105408 | Tomb:3   | Noticed a greater mummy
105411 | Tomb:3   | Killed a greater mummy
105474 | Tomb:3   | Noticed a greater mummy
105475 | Tomb:3   | Killed a greater mummy
105490 | Tomb:3   | Noticed a greater mummy
105491 | Tomb:3   | Noticed a greater mummy
105536 | Tomb:3   | Killed a greater mummy
105537 | Tomb:3   | Killed a greater mummy
105572 | Tomb:3   | Noticed a greater mummy
105574 | Tomb:3   | Killed a greater mummy
105574 | Tomb:3   | Reached skill level 10 in Charms
105694 | Tomb:3   | Got a golden rune of Zot
105999 | Tomb:3   | Noticed Jorgrun
106000 | Tomb:3   | Killed Jorgrun
106057 | Tomb:3   | Got a ring of the Octopus King
106059 | Tomb:3   | Identified a ring of the Octopus King {AC+1 EV+1 Str+1 Int+1 Dex+1 SInv} (You found it on level 3 of the Tomb of the Ancients)
106067 | Tomb:3   | Identified the Reference Book on Arcane Weapons
106084 | Tomb:3   | Got an ichor-stained scale mail
106085 | Tomb:3   | Identified the cursed +1 scale mail of Narcissism {SInv} (You found it on level 3 of the Tomb of the Ancients)
106090 | Tomb:3   | Identified the Handbook of Floating Moulding
106100 | Tomb:3   | Got an ancient bone amulet
106101 | Tomb:3   | Identified the amulet "Upicuima" {Harm *Drain rElec Stlth+} (You found it on level 3 of the Tomb of the Ancients)
106117 | Tomb:3   | Got a brightly glowing lapis lazuli ring
106118 | Tomb:3   | Identified the ring of the Furies {rN++ MR- MP+9 Dex+3 SInv} (You found it on level 3 of the Tomb of the Ancients)
106128 | Tomb:3   | Identified a +3 rod of ignition (10/10) (You found it on level 3 of the Tomb of the Ancients)
106983 | Hell     | Learned a level 1 spell: Summon Butterflies
107361 | D:6      | Bought a potion of haste for 110 gold pieces
107361 | D:6      | Bought a potion of curing for 33 gold pieces
107361 | D:6      | Bought a potion of curing for 33 gold pieces
107361 | D:6      | Bought a potion of haste for 110 gold pieces
107361 | D:6      | Bought 2 potions of cancellation for 176 gold pieces
107361 | D:6      | Bought a potion of cancellation for 88 gold pieces
107866 | Hell     | Learned a level 4 spell: Animate Dead
107900 | Zot:1    | Entered Level 1 of the Realm of Zot
109439 | Zot:2    | Noticed an orb of fire
109442 | Zot:2    | Killed an orb of fire
109707 | Zot:2    | Reached skill level 15 in Summonings
110335 | Hell     | Learned a level 5 spell: Fireball
110761 | Zot:3    | Noticed an orb of fire
110763 | Zot:3    | Killed an orb of fire
112355 | Zot:4    | Reached skill level 24 in Conjurations
112604 | Zot:5    | Entered Level 5 of the Realm of Zot
113149 | Zot:5    | Noticed an ancient lich
113151 | Zot:5    | Killed an ancient lich
113398 | Zot:5    | Noticed an ancient lich
113403 | Zot:5    | Killed an ancient lich
113581 | Zot:5    | Noticed an orb of fire
113584 | Zot:5    | Killed an orb of fire
113830 | Zot:5    | Noticed an ancient lich
113833 | Zot:5    | Killed an ancient lich
114012 | Zot:5    | Noticed an orb of fire
114016 | Zot:5    | Killed an orb of fire
114296 | Zot:5    | Noticed an orb of fire
114300 | Zot:5    | Killed an orb of fire
114301 | Zot:5    | Noticed an orb of fire
114305 | Zot:5    | Killed an orb of fire
114459 | Zot:5    | Noticed an orb of fire
114459 | Zot:5    | Noticed an orb of fire
114477 | Zot:5    | Noticed an orb of fire
114479 | Zot:5    | Gained mutation: Scrolls take you a little longer to read. [an orb of fire]
114482 | Zot:5    | Killed an orb of fire
114576 | Zot:5    | Killed an orb of fire
114576 | Zot:5    | Reached skill level 25 in Conjurations
114584 | Zot:5    | Killed an orb of fire
115201 | Zig:1    | Entered Level 1 of a ziggurat
115204 | Zig:1    | Reached skill level 1 in Armour
115241 | Zig:2    | Entered Level 2 of a ziggurat
115269 | Zig:3    | Entered Level 3 of a ziggurat
115295 | Zig:3    | Learned a level 1 spell: Apportation
115303 | Zig:4    | Entered Level 4 of a ziggurat
115306 | Zig:4    | Noticed Dawka the pandemonium lord
115308 | Zig:4    | Killed Dawka the pandemonium lord
115322 | Zig:4    | Got a transparent brass ring
115340 | Zig:4    | Identified the ring "Fogel" {+Fly rC+} (You found it on level 4 of a ziggurat)
115346 | Zig:5    | Entered Level 5 of a ziggurat
115375 | Zig:5    | Got a pair of fine gloves
115397 | Zig:5    | Identified the +3 pair of gloves of Synchronized Stabbing {+Blink rF+ rCorr Slay-5} (You found it on level 5 of a ziggurat)
115408 | Zig:6    | Entered Level 6 of a ziggurat
115415 | Zig:6    | Reached skill level 5 in Armour
115445 | Zig:6    | Got a heavily runed emerald amulet
115448 | Zig:6    | Identified the amulet "Jaerph" {Faith Dex+7 Stlth-} (You found it on level 6 of a ziggurat)
115472 | Zig:7    | Entered Level 7 of a ziggurat
115524 | Zig:7    | Got a pair of distressingly furry gloves
115527 | Zig:7    | Identified the +2 pair of gloves "Asoranem" {*Drain Regen+ Str+7 Stlth+} (You found it on level 7 of a ziggurat)
115565 | Zig:8    | Entered Level 8 of a ziggurat
115571 | Zig:8    | Noticed Ehynlas the pandemonium lord
115572 | Zig:8    | Killed Ehynlas the pandemonium lord
115732 | Zig:9    | Entered Level 9 of a ziggurat
115737 | Zig:9    | Noticed TotoDurand's ghost (legendary VSFi)
115743 | Zig:9    | Killed TotoDurand's ghost
115760 | Zig:9    | Reached skill level 10 in Armour
115824 | Zig:9    | Identified the Grimoire of the Blaze
115837 | Zig:10   | Entered Level 10 of a ziggurat
115971 | Zig:11   | Entered Level 11 of a ziggurat
116034 | Zig:11   | Identified Xynyutys's Papyrus of Spatial Malediction
116048 | Zig:12   | Entered Level 12 of a ziggurat
116139 | Zig:13   | Entered Level 13 of a ziggurat
116228 | Zig:13   | Identified Sif Muna's Disquisition on Weightlessness
116239 | Zig:13   | Identified a +6 rod of inaccuracy (10/10) (You found it on level 13 of a ziggurat)
116271 | Zig:14   | Entered Level 14 of a ziggurat
116292 | Zig:14   | Noticed a greater mummy
116292 | Zig:14   | Noticed a greater mummy
116297 | Zig:14   | Killed a greater mummy
116298 | Zig:14   | Noticed a greater mummy
116298 | Zig:14   | Killed by something's death curse

Skill      XL: |  1  2  3  4  5  6  7  8  9 10 11 12 13 14 15 16 17 18 19 20 21 22 23 24 25 26 27 |
---------------+----------------------------------------------------------------------------------+-----
Spellcasting   | 3 4 5 6 7 9 11 12 13 14 15 16 17 18 19 20 23 | 23.0
Conjurations   | 2 3 4 5 6 7 8 9 10 11 12 13 14 16 18 19 20 21 22 25 | 25.0
Fire Magic     | 4 5 6 7 8 9 10 11 12 13 15 17 18 19 20 21 24 | 24.9
Fighting       | 3 5 6 7 8 9 10 11 12 13 14 15 16 19 | 19.8
Short Blades   | 4 5 7 8 9 10 12 | 12.0
Stealth        | 5 6 8 9 10 11 12 13 15 | 15.1
Dodging        | 4 5 7 8 9 10 11 12 13 14 15 16 20 | 20.8
Transmutations | 3 4 5 8 |  8.0
Poison Magic   | 2 |  2.0
Charms         | 3 5 10 | 10.1
Air Magic      | 3 5 |  5.0
Summonings     | 4 5 6 7 8 10 15 | 15.0
Evocations     | 3 6 9 10 11 13 14 15 | 15.0
Earth Magic    | 7 8 |  8.0
Shields        | 5 |  5.2
Translocations | 5 |  5.7
Necromancy     | 6 |  6.0
Armour         | 12 | 12.5

Action                   |  1- 3 |  4- 6 |  7- 9 | 10-12 | 13-15 | 16-18 | 19-21 | 22-24 | 25-27 || total
-------------------------+-------+-------+-------+-------+-------+-------+-------+-------+-------++-------
Melee: Unarmed           |     6 |       |       |     2 |       |       |       |       |       ||     8
       Short sword       |    12 |     4 |    30 |     7 |       |       |       |       |    10 ||    63
       Quarterstaff      |       |       |    30 |    94 |       |       |       |       |       ||   124
       Dagger            |       |       |       |    21 |    75 |     6 |     9 |     4 |     1 ||   116
       Staff             |       |       |       |       |     2 |     4 |       |    26 |     2 ||    34
 Cast: Flame Tongue      |    26 |    54 |    83 |    72 |       |       |       |       |       ||   235
       Throw Flame       |    21 |    39 |   156 |   237 |   171 |       |       |       |       ||   624
       Sticky Flame      |       |     3 |    12 |    46 |    48 |    13 |     1 |       |       ||   123
       Conjure Flame     |       |     1 |    13 |    13 |     1 |       |       |       |       ||    28
       Fireball          |       |       |    23 |   135 |   398 |   105 |   283 |   130 |       ||  1074
       Spider Form       |       |       |       |    17 |       |       |       |       |       ||    17
       Repel Missiles    |       |       |       |     1 |     1 |     1 |     2 |     2 |     4 ||    11
       Inner Flame       |       |       |       |       |    10 |       |       |       |       ||    10
       Bolt of Fire      |       |       |       |       |    40 |   580 |   291 |   219 |   204 ||  1334
       Lightning Bolt    |       |       |       |       |     7 |       |       |       |       ||     7
       Conjure Ball Ligh |       |       |       |       |     5 |     5 |     9 |       |       ||    19
       Spellforged Servi |       |       |       |       |     2 |    15 |    63 |   152 |   334 ||   566
       Iron Shot         |       |       |       |       |       |    53 |    50 |    35 |    31 ||   169
       Swiftness         |       |       |       |       |       |     4 |     2 |       |       ||     6
       Sticks to Snakes  |       |       |       |       |       |     2 |    14 |    15 |     7 ||    38
       Fire Storm        |       |       |       |       |       |       |     5 |   155 |   707 ||   867
       Orb of Destructio |       |       |       |       |       |       |       |    11 |    58 ||    69
       Blink             |       |       |       |       |       |       |       |     1 |    16 ||    17
       Delayed Fireball  |       |       |       |       |       |       |       |     1 |     3 ||     4
       Lee's Rapid Decon |       |       |       |       |       |       |       |       |    83 ||    83
       Regeneration      |       |       |       |       |       |       |       |       |    19 ||    19
       Sublimation of Bl |       |       |       |       |       |       |       |       |    11 ||    11
       Summon Butterflie |       |       |       |       |       |       |       |       |     2 ||     2
       Animate Dead      |       |       |       |       |       |       |       |       |     1 ||     1
 Abil: End Transformatio |       |       |       |     9 |       |       |       |       |       ||     9
       Evoke Flight      |       |       |       |       |     1 |       |       |     4 |     3 ||     8
       Stop Flying       |       |       |       |       |     1 |       |       |     1 |     1 ||     3
       Evoke Blink       |       |       |       |       |       |       |     1 |       |       ||     1
       Release Delayed F |       |       |       |       |       |       |       |       |     2 ||     2
Evoke: Wand              |       |     1 |     6 |     3 |    16 |     1 |     3 |     2 |     7 ||    39
       Staff of energy   |       |       |       |       |       |   124 |   313 |   341 |  1066 ||  1844
       Fan of gales      |       |       |       |       |       |       |       |     1 |     3 ||     4
       Figurine of a zig |       |       |       |       |       |       |       |       |     1 ||     1
  Use: Scroll            |     6 |     6 |     9 |    20 |    13 |    19 |    16 |    13 |    58 ||   160
       Potion            |     1 |     1 |     1 |     4 |     7 |    13 |     4 |     4 |    36 ||    71
 Stab: Distracted        |     1 |       |       |     1 |       |       |       |     2 |       ||     4
       Sleeping          |       |     1 |       |     8 |     6 |       |       |       |     3 ||    18
       Petrifying        |       |       |       |     1 |       |       |       |       |       ||     1
       Petrified         |       |       |       |     1 |       |       |       |       |       ||     1
  Eat: Chunk             |     3 |     5 |    14 |    36 |    53 |    22 |    58 |    69 |    80 ||   340
       Fruit             |       |       |     7 |       |     4 |     2 |     4 |     3 |     6 ||    26
       Pizza             |       |       |     1 |     2 |     1 |       |     1 |     1 |     5 ||    11
       Beef jerky        |       |       |     4 |     2 |     1 |     1 |     2 |     3 |    12 ||    25
       Meat ration       |       |       |       |     1 |       |     8 |     3 |     1 |    11 ||    24
       Bread ration      |       |       |       |     3 |     3 |     2 |       |       |    11 ||    19
       Royal jelly       |       |       |       |       |     6 |     1 |       |     1 |     2 ||    10
Armor: Robe              |    16 |     6 |    20 |    33 |    24 |    20 |     3 |     7 |    10 ||   139
       Ice dragon scales |       |       |       |       |       |       |       |       |     4 ||     4
Dodge: Dodged            |    36 |    23 |    75 |   159 |   105 |   137 |    39 |    70 |   148 ||   792
       Deflected         |       |       |       |       |    13 |    21 |    24 |    11 |     3 ||    72
Block: Buckler           |       |       |       |       |       |       |    17 |    10 |    48 ||    75
